Map: Prion Terraces

Players

Spit - Winner!

  • Race: Zerg Zerg
  • League: Grandmaster
  • Spawn Location: 11:00

RainBOw

  • Race: Terran Terran
  • League: Grandmaster
  • Spawn Location: 5:00

VOD

Have the link to the VOD?

Description

Time

  • Played on: March 18, 2016, 1:51 p.m.
  • Length: 19:40
Show
View Real Time Build Order
Export as new Build Order

Spit Zerg - Winner!

Build Orders: Hatch First, Brood Lord Corruptor 

Get SALT Encoding   

  12  0:00  Drone  
  13  0:14  Overlord  
  13  0:17  Drone  
  14  0:32  Drone x2  
  16  0:36  Drone  
  17  0:52  Hatchery  
  17  0:54  Drone  
  17  0:59  Drone  
  17  1:01  Extractor  
  17  1:13  Spawning Pool  
  17  1:17  Drone  
  17  1:20  Drone  
  18  1:30  Drone  
  19  1:40  Overlord  
  19  2:02  Metabolic Boost  
  18  2:08  Zergling x6  
  18  2:09  Queen  
  23  2:16  Queen  
  23  2:22  Drone  
  26  2:23  Drone  
  26  2:26  Drone  
  28  2:31  Drone  
  29  2:42  Overlord  
  28  2:46  Drone x2  
  30  2:55  Drone  
  30  2:56  Drone  
  30  2:57  Queen  
  33  2:58  Overlord  
  33  3:04  Evolution Chamber  
  32  3:09  Drone x2  
  34  3:17  Zergling x2  
  34  3:21  Zergling x6  
  34  3:24  Zergling x2  
  38  3:32  Drone x4  
  42  3:43  Drone x2  
  43  3:49  Drone  
  43  3:53  Drone x3  
  47  3:57  Queen  
  47  3:59  Overlord  
  47  4:01  Hatchery  
  48  4:09  Overlord  
  48  4:14  Overlord x2  
  48  4:19  Spine Crawler  
  47  4:25  Zergling x8  
  47  4:26  Drone  
  49  4:35  Drone  
  49  4:36  Drone x4  
  52  4:42  Zergling x4  
  53  4:53  Zergling x2  
  53  4:54  Zergling x2  
  53  4:56  Evolution Chamber  
  53  4:57  Roach Warren  
  53  5:02  Drone x2  
  55  5:08  Overlord, Lair  
  55  5:12  Drone x3  
  58  5:18  Drone x2  
  60  5:23  Overlord  
  60  5:27  Spore Crawler  
  59  5:29  Spore Crawler  
  59  5:32  Zergling x4, Spore Crawler  
  59  5:36  Extractor, Zerg Ground Armor Level 1  
  59  5:39  Drone x3  
  59  5:40  Drone  
  59  5:41  Drone x2  
  64  5:43  Extractor, Drone  
  64  5:46  Drone x3  
  64  5:49  Zerg Missile Weapons Level 1  
  66  5:59  Drone x4  
  66  6:00  Drone x2  
  66  6:03  Extractor  
  71  6:04  Extractor  
  71  6:08  Glial Reconstitution  
  70  6:12  Roach x2  
  70  6:14  Overlord x2  
  70  6:16  Overlord x3  
  74  6:31  Roach x2  
  74  6:32  Roach x4  
  85  6:35  Zergling x4  
  85  6:36  Queen x3  
  93  6:46  Overlord  
  93  6:51  Drone x2  
  93  6:52  Extractor, Ravager x2  
  93  6:53  Drone x3, Ravager  
  100  7:00  Zergling x2  
  100  7:01  Zergling x12, Infestation Pit  
  106  7:11  Roach x3  
  112  7:19  Drone  
  113  7:24  Drone x3  
  113  7:26  Roach x2  
  113  7:28  Ravager  
  113  7:29  Ravager x2  
  124  7:30  Zergling x4, Ravager  
  124  7:31  Zergling x4  
  124  7:32  Hatchery  
  124  7:33  Hatchery  
  126  7:37  Overlord  
  126  7:52  Roach  
  126  7:53  Zerg Ground Armor Level 2  
  126  7:54  Overlord x4  
  126  7:55  Pathogen Glands  
  125  8:06  Overlord  
  125  8:08  Pneumatized Carapace  
  125  8:09  Overlord x3  
  125  8:16  Spine Crawler  
  124  8:23  Roach x2  
  124  8:25  Infestor x2  
  132  8:29  Spine Crawler  
  132  8:30  Spine Crawler  
  132  8:31  Infestor  
  132  8:34  Drone x3  
  132  8:35  Drone x4  
  139  8:47  Extractor  
  135  8:52  Extractor  
  135  8:53  Roach x4  
  135  8:54  Roach x6  
  153  8:59  Roach x4  
  153  9:01  Roach  
  153  9:02  Roach x4  
  167  9:05  Overlord  
  167  9:18  Spire  
  166  9:25  Drone x2  
  166  9:28  Roach x4  
  163  9:32  Spore Crawler  
  163  9:34  Spore Crawler  
  151  9:40  Roach x7  
  151  9:42  Drone x2  
  151  9:43  Drone x5  
  163  9:53  Roach x4  
  163  9:54  Roach x2  
  175  10:07  Zerg Missile Weapons Level 2  
  175  10:10  Hive  
  171  10:25  Ravager x4  
  171  10:26  Ravager x2  
  177  10:30  Drone x7  
  177  10:32  Drone x3  
  177  10:34  Ravager x3  
  190  10:44  Drone  
  190  10:45  Extractor  
  190  10:46  Extractor, Drone x3  
  190  10:47  Drone x3  
  190  10:48  Drone x4  
  199  10:53  Ravager  
  198  11:00  Corruptor x2  
  198  11:01  Corruptor  
  200  11:07  Corruptor  
  200  11:14  Infestor x3  
  187  11:29  Roach x13  
  200  11:33  Overlord x2  
  200  11:44  Zergling x2  
  200  11:45  Zergling x30  
  186  11:52  Roach x4  
  192  11:58  Roach  
  192  11:59  Roach  
  189  12:06  Zergling x8  
  181  12:15  Roach x4  
  165  12:21  Zergling x4  
  134  12:34  Drone x7  
  128  12:40  Roach x3  
  131  12:51  Roach x5  
  131  12:52  Hatchery  
  131  12:53  Queen x4  
  144  13:02  Greater Spire  
  144  13:06  Corruptor x3  
  144  13:09  Ravager x7  
  144  13:10  Ravager  
  144  13:11  Ravager x2  
  144  13:12  Ravager x2  
  162  13:15  Overseer  
  162  13:20  Drone  
  162  13:21  Drone x2  
  165  13:30  Infestor x4  
  165  13:34  Ravager x2  
  175  13:35  Ravager  
  176  13:45  Roach  
  176  13:46  Roach x6  
  190  13:53  Corruptor x2  
  194  14:05  Corruptor x2  
  194  14:06  Corruptor  
  198  14:12  Corruptor x2  
  198  14:18  Corruptor  
  194  14:30  Brood Lord x3  
  194  14:31  Brood Lord  
  192  14:36  Drone x4  
  178  14:53  Brood Lord  
  178  14:54  Brood Lord x2  
  147  15:25  Roach x3  
  147  15:26  Roach x9  
  167  15:36  Drone x2  
  167  15:37  Drone x4  
  173  15:44  Ravager x3  
  173  15:45  Ravager x3  
  141  16:02  Roach x4  
  142  16:09  Roach x3  
  120  16:23  Roach x2  
  120  16:24  Roach x3  
  109  16:27  Corruptor  
  107  16:38  Roach x4  
  115  16:52  Roach x5  
  115  16:53  Roach  
  122  16:57  Drone x2  
  122  17:01  Roach x2  
  128  17:11  Roach x5  
  138  17:23  Corruptor x2  
  138  17:24  Corruptor  
  134  17:33  Corruptor x2  
  136  17:44  Corruptor x2  
  138  17:55  Infestor x3  
  144  18:02  Drone x5  
  149  18:06  Infestor  
  149  18:09  Brood Lord  
  153  18:13  Brood Lord  
  153  18:15  Infestor  
  153  18:17  Drone  
  158  18:33  Ravager x7  
  158  18:34  Ravager x13  
  172  18:50  Brood Lord  
  172  18:51  Brood Lord  
  168  18:57  Roach x5  
  178  19:03  Drone x2, Spine Crawler  
  178  19:04  Drone  
  178  19:05  Spine Crawler x2  
  178  19:07  Extractor  
  178  19:08  Extractor  
Show
View Real Time Build Order
Export as new Build Order

RainBOw Terran 

Build Orders: Reaper Expand, Mech 

Get SALT Encoding   

  12  0:00  SCV  
  13  0:12  SCV  
  14  0:17  Supply Depot  
  14  0:24  SCV  
  15  0:39  SCV  
  15  0:41  Barracks  
  16  0:44  Refinery  
  16  0:51  SCV  
  17  1:03  SCV  
  18  1:15  SCV  
  19  1:28  Reaper  
  19  1:29  Orbital Command  
  20  1:40  Command Center  
  20  1:53  Supply Depot  
  20  1:55  SCV  
  20  1:56  Refinery  
  20  2:01  Barracks Reactor  
  21  2:08  SCV  
  22  2:20  SCV  
  22  2:22  Factory  
  23  2:32  SCV  
  24  2:45  Marine x2  
  24  2:47  SCV  
  27  2:57  Orbital Command  
  27  2:59  SCV  
  27  3:04  Marine x2  
  30  3:07  Factory Tech Lab  
  30  3:08  Starport  
  30  3:09  Bunker  
  30  3:12  SCV  
  31  3:22  Marine x2  
  31  3:24  SCV x2  
  31  3:26  Siege Tank  
  37  3:36  SCV  
  37  3:37  SCV  
  37  3:40  Supply Depot  
  39  3:42  Supply Depot  
  39  3:48  SCV  
  40  3:49  SCV  
  40  3:55  Medivac  
  43  4:00  SCV  
  43  4:01  SCV  
  45  4:07  Command Center  
  45  4:12  SCV  
  45  4:13  SCV  
  45  4:15  Siege Tank  
  49  4:24  Supply Depot, SCV  
  49  4:25  SCV  
  48  4:36  SCV  
  48  4:37  SCV  
  48  4:41  Liberator  
  48  4:44  Marine x2  
  50  4:48  SCV  
  50  4:49  SCV  
  55  5:00  SCV  
  55  5:01  SCV  
  55  5:02  Marine x2  
  59  5:09  Supply Depot  
  59  5:11  Refinery  
  59  5:12  Refinery  
  59  5:13  SCV x2  
  61  5:15  Factory  
  61  5:25  SCV x2  
  63  5:33  Orbital Command  
  63  5:35  Supply Depot  
  63  5:37  SCV  
  63  5:38  SCV  
  65  5:44  Barracks Reactor, Engineering Bay  
  65  5:48  Siege Tank  
  65  5:49  SCV  
  69  5:50  SCV  
  70  5:57  Orbital Command  
  70  6:01  SCV  
  70  6:02  SCV  
  70  6:13  SCV  
  70  6:14  SCV, Armory  
  70  6:15  Command Center, Hellion x2, Supply Depot  
  76  6:20  Siege Tank  
  76  6:22  SCV, Factory  
  76  6:25  SCV  
  81  6:26  SCV  
  81  6:27  Liberator  
  81  6:29  Refinery  
  81  6:30  Liberator  
  81  6:32  Supply Depot, Refinery  
  82  6:34  SCV  
  82  6:36  Hellion x2, Missile Turret  
  82  6:37  SCV, Missile Turret  
  82  6:38  SCV, Missile Turret  
  89  6:43  Supply Depot  
  89  6:46  SCV  
  93  6:49  SCV  
  93  6:50  SCV  
  98  6:58  Supply Depot, SCV  
  99  7:01  SCV, Terran Vehicle Weapons Level 1  
  99  7:04  Supply Depot, SCV  
  105  7:08  Hellion x2, Factory Tech Lab  
  105  7:10  SCV, Liberator  
  105  7:11  Siege Tank  
  105  7:13  SCV, Liberator  
  110  7:18  SCV  
  111  7:23  SCV  
  111  7:26  Supply Depot, SCV  
  111  7:27  Armory  
  116  7:30  SCV  
  116  7:33  Siege Tank  
  116  7:35  Hellion x2  
  116  7:36  SCV  
  128  7:38  SCV  
  129  7:47  Siege Tank, Missile Turret  
  129  7:50  Factory  
  131  7:54  Liberator  
  131  7:59  Hellion x2  
  135  8:05  Siege Tank  
  141  8:13  Medivac  
  141  8:15  Supply Depot  
  141  8:16  Terran Vehicle And Ship Armor Level 1  
  141  8:17  Refinery  
  141  8:18  Supply Depot, Refinery  
  141  8:19  Missile Turret x2  
  143  8:20  Hellion  
  143  8:21  Hellion  
  147  8:29  Siege Tank  
  150  8:36  Factory Tech Lab  
  150  8:38  Thor  
  156  8:41  Missile Turret  
  156  8:45  Missile Turret  
  156  8:48  Hellion x2, Missile Turret  
  160  8:54  Factory  
  156  9:04  Siege Tank x2  
  162  9:11  Planetary Fortress  
  162  9:14  Missile Turret  
  162  9:16  Missile Turret  
  162  9:17  Terran Vehicle Weapons Level 2  
  162  9:19  Hellion x2  
  162  9:21  Siege Tank  
  162  9:23  Liberator  
  169  9:36  Siege Tank x2  
  161  9:44  Hellion x2, Factory Tech Lab  
  161  9:45  Command Center  
  165  9:55  Siege Tank, Liberator  
  168  10:05  Hellion  
  170  10:08  Command Center, Siege Tank x2  
  179  10:20  Liberator  
  179  10:27  Terran Vehicle And Ship Armor Level 2, Refinery  
  179  10:28  Refinery  
  179  10:29  Missile Turret  
  179  10:30  Siege Tank x2  
  179  10:32  Missile Turret  
  185  10:36  Starport  
  190  10:57  Hellion x2  
  185  11:06  Siege Tank x3  
  185  11:07  Hellion  
  175  11:18  Hellion  
  175  11:19  Hellion  
  168  11:26  Liberator  
  168  11:29  Siege Tank  
  168  11:38  Siege Tank x3  
  168  11:39  Hellion  
  179  11:40  Hellion  
  160  11:54  Medivac  
  162  12:01  Hellion, Siege Tank  
  164  12:04  Hellion  
  164  12:07  Liberator  
  166  12:09  Liberator, Factory x2  
  166  12:10  Siege Tank x2  
  166  12:11  Siege Tank  
  150  12:22  Hellion  
  133  12:33  Siege Tank  
  132  12:42  Siege Tank, Thor  
  132  12:43  Siege Tank  
  140  12:48  Starport Reactor  
  140  12:49  Liberator  
  140  12:50  Hellion  
  140  12:51  Hellion  
  138  12:53  Terran Vehicle And Ship Armor Level 3  
  138  12:54  Terran Ship Weapons Level 1  
  138  12:57  Orbital Command  
  138  12:58  Liberator  
  138  13:00  Missile Turret x2  
  138  13:02  Orbital Command  
  138  13:03  Factory Tech Lab x2  
  138  13:06  Thor  
  138  13:10  Infernal Pre-Igniter  
  147  13:16  Hellion x2  
  154  13:20  Siege Tank  
  154  13:25  Viking x2  
  163  13:27  Hellion x3  
  163  13:30  Siege Tank  
  170  13:48  Thor, Siege Tank  
  176  13:57  Thor x2  
  182  14:15  Siege Tank x2  
  182  14:16  Hellion x2  
  184  14:20  Siege Tank  
  180  14:31  Thor  
  176  14:35  Liberator  
  174  14:40  Thor x2  
  184  14:46  Orbital Command  
  184  14:49  Thor  
  165  15:07  Orbital Command  
  157  15:20  Viking x2  
  155  15:25  Viking  
  145  15:35  Viking  
  144  15:38  Liberator  
  144  15:39  Liberator  
  144  15:43  Hellion x2  
  146  15:50  Viking  
  118  16:05  Viking  
  100  16:14  Siege Tank  
  91  16:19  Siege Tank  
  91  16:20  Viking  
  80  16:28  Siege Tank  
  75  16:35  Hellion  
  62  16:53  Siege Tank x2  
  54  17:03  Siege Tank  
  54  17:07  Siege Tank  
  58  17:13  Siege Tank  
  54  17:27  Siege Tank  
  51  17:30  Siege Tank  
  51  17:31  Siege Tank  
  51  17:35  Siege Tank  
  51  17:36  Orbital Command  
  54  17:40  Orbital Command  
  54  17:41  Siege Tank  
  54  17:42  SCV  
  54  17:43  SCV  
  59  17:46  SCV  
  60  17:55  SCV x2  
  60  17:58  SCV  
  63  18:02  SCV  
  64  18:07  SCV x2  
  64  18:08  Siege Tank  
  64  18:10  SCV  
  64  18:12  Liberator x2  
  70  18:17  Viking  
  70  18:19  Siege Tank, SCV x2  
  77  18:22  SCV  
  82  18:39  Thor  
  77  18:57  Viking  
  77  19:00  SCV x2  
  77  19:01  SCV x3  
  84  19:12  SCV x2  
  84  19:13  SCV x2  
Tags
 
Add a new tag
Caveats
  • Supply blocks, unpowered buildings, or Contaminate may cause inaccurate times.
  • Supply counts are checked every 10 seconds.